 Dungeon Crawl Stone Soup version 0.29.1-13-g9f3cf754e1 (webtiles) character file.

Game seed: 17755169695201817479

2 shadowmeld the Sneak (level 1, 0/9 HPs)
             Began as a Spriggan Enchanter on Jan 27, 2023.
             Slain by a quokka (4 damage)
             ... on level 1 of the Dungeon.
             The game lasted 00:01:53 (177 turns).

shadowmeld the Sneak (Spriggan Enchanter)            Turns: 177, Time: 00:01:53

Health: 0/9        AC:  2    Str:  4    XL:     1   Next: 25%
Magic:  5/5        EV: 17    Int: 16    God:
Gold:   0          SH:  0    Dex: 15    Spells: 5/5 levels left

rFire   . . .      SeeInvis +   a - +1 dagger
rCold   . . .      Faith    .   (no shield)
rNeg    . . .      Spirit   .   b - +0 robe
rPois   .          Reflect  .   (helmet restricted)
rElec   .          Harm     .   (no cloak)
rCorr   .          Rampage  .   (gloves unavailable)
Will    .....                   (boots unavailable)
Stlth   +++.......              (no amulet)
HPRegen 0.03/turn               (no ring)
MPRegen 0.09/turn               (no ring)

@: very quick
A: very small, no large weapons, unfitting armour, see invisible, speed 3
a: no special abilities


You were on level 1 of the Dungeon.
You visited 1 branch of the dungeon, and saw 1 of its levels.

Inventory:

Hand Weapons
 a - a +1 dagger (weapon)
 d - a +0 sling
Missiles
 e - 9 stones (quivered)
Armour
 b - a +0 robe (worn)
Potions
 c - 2 potions of invisibility
 f - a potion of curing {unknown}


   Skills:
 + Level 1.1 Short Blades
 + Level 2.7 Dodging
 + Level 4.5 Stealth
 + Level 2.7 Spellcasting
 + Level 3.6 Hexes


You had 5 spell levels left.
You didn't know any spells.
Your spell library contained the following spells:

 Spells                   Type           Power      Damage    Failure   Level
 Confusing Touch          Hex            13%        N/A       13%         3
 Tukima's Dance           Hex            13%        N/A       13%         3
 Ensorcelled Hibernation  Hex/Ice        16%        N/A       14%         2
 Dazzling Flash           Conj/Hex       16%        N/A       26%         3


Dungeon Overview and Level Annotations

Branches:
Dungeon (1/15)

Altars:


Innate Abilities, Weirdness & Mutations

You are very small and have problems with some larger weapons.
You are too small for most types of armour.
You have supernaturally acute eyesight. (SInv)
You cover ground extremely quickly. (Speed+++)


Message History

Found a fuming coppery potion.
The bat closely misses you.
You hit the bat but do no damage. The bat misses you.
The bat completely misses you.
You hit the bat.
You kill the bat!
Things that are here:
9 stones; a +0 sling
d - a +0 sling;
e - 9 stones You're too inexperienced to learn that spell!
f - a fuming coppery potion A goblin and a hobgoblin come into view.
Found a faded altar of an unknown god.
The goblin shouts!
A quokka comes into view.
You barely miss the hobgoblin. You closely miss the hobgoblin.
The hobgoblin closely misses you.
You hit the hobgoblin.
The hobgoblin is heavily wounded.
The goblin misses you. The hobgoblin closely misses you.
You barely miss the hobgoblin.
The hobgoblin is heavily wounded.
The goblin closely misses you. The hobgoblin closely misses you.
The quokka barely misses you.
You barely miss the hobgoblin.
The hobgoblin is heavily wounded.
The goblin closely misses you. The hobgoblin barely misses you.
The quokka closely misses you.
You hit the hobgoblin.
You kill the hobgoblin!
The quokka completely misses you. The goblin hits you with a +0 dagger.
You barely miss the goblin. The quokka barely misses you.
The goblin barely misses you.
You closely miss the goblin. The quokka barely misses you.
The goblin hits you with a +0 dagger.
You barely miss the goblin. The quokka completely misses you.
The goblin completely misses you. The quokka barely misses you.
You barely miss the goblin. The goblin completely misses you.
The quokka bites you.
You die...

## #. .##### ..
.....# #.
8.8#.##
#.###.......
####.#8.8.8.8.#
........g_....#
#.#8@8...8.#
##....r..#..#
##...##8.8#
#..#.# #..#..#
#########
#....# #.#..#
#.......#
#.#.## #.#..#
#.#####.# #.#.#
#.#..### #.#
#.# #.#.#
#......# #.#
#.# #.#.#
#.....#####.


You could see a quokka and a goblin.

Vanquished Creatures
  A hobgoblin (D:1)
  A bat (D:1)
2 creatures vanquished.

Notes
Turn   | Place    | Note
-------+----------+-------------------------------------------
     0 | D:1      | shadowmeld the Spriggan Enchanter began the quest for the
                  | Orb.
     0 | D:1      | Reached XP level 1. HP: 9/9 MP: 5/5
   163 | D:1      | Found a faded altar of an unknown god.
   177 | D:1      | Slain by a quokka

Illustrated notes

Levels and vault maps discovered:
D:1:      mainiacjoe_arrival_reflecting_pool, layout_loops_ring,
          ebering_ecumenical_altar_ruins

Action                   || total
-------------------------++-------
Melee: Dagger            ||    12
Dodge: Dodged            ||    20
